 Dungeon Crawl Stone Soup version 0.22.1-2-g9c5b331 (webtiles) character file.

1663 empire the Carver (level 8, -5/68 HPs)
             Began as a Minotaur Fighter on Nov 23, 2018.
             Was an Initiate of Cheibriados.
             Slain by a two-headed ogre
             ... wielding a +0 giant spiked club
              (21 damage)
             ... on level 8 of the Dungeon.
             The game lasted 00:08:57 (4452 turns).

empire the Carver (Minotaur Fighter)                Turns: 4452, Time: 00:08:58

Health: -5/68      AC: 12    Str: 23    XL:     8   Next: 69%
Magic:  7/7        EV:  4    Int:  6    God:    Cheibriados [......]
Gold:   190        SH: 10    Dex: 12    Spells: 7/7 levels left

rFire    . . .     SeeInvis .   a - +0 long sword
rCold    + . .     Gourm    .   c - +0 shield
rNeg     . . .     Faith    .   x - +0 plate armour
rPois    .         Spirit   .   (helmet restricted)
rElec    .         Reflect  .   (no cloak)
rCorr    +         Harm     .   i - +0 pair of gloves
MR       .....                  (no boots)
Stlth    ..........             (no amulet)
HPRegen  0.21/turn              k - ring of protection from cold
MPRegen  0.10/turn              u - ring of resist corrosion

@: very slow
A: retaliatory headbutt, horns 2
a: Bend Time, Renounce Religion


You were on level 8 of the Dungeon.
You worshipped Cheibriados.
Cheibriados was noncommittal.
You were not hungry.

You visited 2 branches of the dungeon, and saw 8 of its levels.

You collected 190 gold pieces.

Inventory:

Hand Weapons
 a - a +0 long sword (weapon)
Armour
 c - a +0 shield (worn)
 i - a +0 pair of gloves (worn)
 x - a +0 plate armour (worn)
Jewellery
 k - a ring of protection from cold (left hand)
 u - a ring of resist corrosion (right hand)
Scrolls
 b - 3 scrolls of blinking {unknown}
 e - 3 scrolls of random uselessness {unknown}
 g - a scroll of teleportation {unknown}
 j - 4 scrolls of identify {unknown}
 l - 3 scrolls of remove curse {unknown}
 m - a scroll of magic mapping {unknown}
 o - a scroll of fear {unknown}
 p - a scroll of enchant weapon {unknown}
 q - 2 scrolls of amnesia {unknown}
 s - 2 scrolls of brand weapon {unknown}
 v - a scroll of immolation {unknown}
Potions
 d - a potion of brilliance {unknown}
 n - a potion of curing {unknown}
 r - 2 potions of degeneration
 t - 2 potions of haste
Comestibles
 f - 10 rations
 w - 2 chunks of flesh


   Skills:
 - Level 5.0 Fighting
 * Level 12.4 Long Blades
 - Level 4.0 Armour
 - Level 4.0 Shields


You had 7 spell levels left.
You didn't know any spells.
Your spell library was empty.

Dungeon Overview and Level Annotations

Branches:
Dungeon (6/15)             Temple (1/1) D:6

Altars:
Ashenzari
Cheibriados
Dithmenos
Elyvilon
Gozag
Hepliaklqana
Makhleb
Nemelex Xobeh
Okawaru
Sif Muna
Wu Jian
Xom
The Shining One


Innate Abilities, Weirdness & Mutations

You reflexively headbutt those who attack you in melee.
You have a pair of horns on your head.


Message History

The two-headed ogre hits you with a giant spiked club!
You block the two-headed ogre's attack.
You hit the two-headed ogre but do no damage.
The two-headed ogre is lightly wounded.
You hit the two-headed ogre. You headbutt the two-headed ogre.
The two-headed ogre is moderately wounded.
You block the two-headed ogre's attack.
The two-headed ogre hits you with a giant spiked club!
You slash the two-headed ogre!
The two-headed ogre is heavily wounded.
The two-headed ogre hits you with a giant spiked club!
* * * LOW HITPOINT WARNING * * *
You block the two-headed ogre's attack.
You barely miss the two-headed ogre.
The two-headed ogre is heavily wounded.
You slash the two-headed ogre! You headbutt the two-headed ogre.
The two-headed ogre is severely wounded.
You block the two-headed ogre's attack.
The two-headed ogre hits you with a giant spiked club!!
You die...

#........#
#........#
#....##..#
####....##..#
##..#....#####
#.........+
##...#....#
##..##...##
#..@# ...#
#...O.....#
##.......##
#.......#
.........:
#..<....>..
##..###..##
#### ###


You could see a two-headed ogre.

Vanquished Creatures
  An orc warrior (D:6)
  A black bear (D:8)
  A sky beast (D:5)
  2 phantoms
  2 ogres
  3 bullfrogs
  3 scorpions
  A howler monkey (D:5)
  A crimson imp (D:6)
  A hound (D:4)
  A centaur zombie (D:5)
  4 orc wizards
  2 bullfrog skeletons (D:6)
  3 orc priests
  An iguana (D:5)
  3 worker ants
  10 adders
  A shadow imp (D:6)
  2 oozes
  An adder skeleton (D:6)
  5 worms
  A leopard gecko (D:1)
  16 orcs
  12 bats
  2 giant cockroaches
  7 goblins
  2 hobgoblins
  4 quokkas
  3 ball pythons
  2 frilled lizards (D:3)
  5 kobolds
  6 rats
109 creatures vanquished.

Vanquished Creatures (others)
  An adder (D:4)
1 creature vanquished.

Grand Total: 110 creatures vanquished

Notes
Turn   | Place    | Note
-------+----------+-------------------------------------------
     0 | D:1      | empire the Minotaur Fighter began the quest for the Orb.
     0 | D:1      | Reached XP level 1. HP: 19/19 MP: 0/0
   124 | D:1      | Reached XP level 2. HP: 27/27 MP: 1/1
   258 | D:1      | Reached skill level 3 in Long Blades
   510 | D:2      | Reached XP level 3. HP: 24/33 MP: 2/2
   781 | D:2      | Reached skill level 4 in Long Blades
  1120 | D:3      | Reached XP level 4. HP: 37/40 MP: 3/3
  1144 | D:2      | Reached skill level 5 in Long Blades
  1340 | D:3      | Reached XP level 5. HP: 45/46 MP: 4/4
  1557 | D:3      | Found a faded altar of an unknown god.
  1586 | D:3      | Reached skill level 6 in Long Blades
  2031 | D:4      | Found a white marble altar of Elyvilon.
  2111 | D:4      | Reached skill level 7 in Long Blades
  2180 | D:4      | Reached XP level 6. HP: 41/52 MP: 5/5
  2391 | D:4      | Reached skill level 8 in Long Blades
  2488 | D:5      | Entered Level 5 of the Dungeon
  2569 | D:5      | Reached XP level 7. HP: 19/59 MP: 6/6
  2861 | D:5      | Reached skill level 9 in Long Blades
  3175 | D:5      | Found a white marble altar of Elyvilon.
  3231 | D:5      | Found a deep blue altar of Sif Muna.
  3251 | D:5      | Reached skill level 10 in Long Blades
  3677 | D:5      | Reached XP level 8. HP: 66/67 MP: 7/7
  3758 | D:6      | Reached skill level 5 in Fighting
  3853 | D:6      | Found a staircase to the Ecumenical Temple.
  3862 | D:6      | Reached skill level 11 in Long Blades
  3893 | Temple   | Entered the Ecumenical Temple
  4084 | Temple   | Became a worshipper of Cheibriados the Contemplative
  4359 | D:6      | Reached skill level 12 in Long Blades
  4390 | D:6      | You fall through a shaft for 2 floors!
  4444 | D:8      | Noticed a two-headed ogre
  4452 | D:8      | Slain by a two-headed ogre

Skill      XL: |  1  2  3  4  5  6  7  8 |
---------------+-------------------------+-----
Long Blades    | 3 4 5 7 8 10 12 | 12.4
Fighting       | 4 5 |  5.0
Armour         | 4 |  4.0
Shields        | 4 |  4.0

Action                   |  1- 3 |  4- 6 |  7- 9 || total
-------------------------+-------+-------+-------++-------
Melee: Long sword        |    87 |   153 |   164 ||   404
       Headbutt          |    10 |    25 |    35 ||    70
  Use: Potion            |       |     6 |     1 ||     7
  Eat: Chunk             |     1 |     5 |     6 ||    12
Armor: Chain mail        |    70 |    67 |    67 ||   204
       Scale mail        |     1 |       |       ||     1
Dodge: Dodged            |    32 |    48 |    28 ||   108
Block: Shield            |    72 |    81 |    66 ||   219
       Rpst.: Long sword |     5 |     7 |     3 ||    15
